Robert, lawful female human Knight ---------------- ##...............| # |.........<....| Yu## ####+..............| # # |..............| ### # --------|------- # # # ## # # --------.-- # # # |..........##########` # ####### |.........|### # # # -------.----# ----- |......>..- ## # # |..........|# |...| ----------- # # |...........##########....| # #####...........|# |...| I`##############` ------------##########....| ----- Robert the Bachelor Experience level: 6 Strength: 14 Dexterity: 9 Constitution: 12 Intelligence: 10 Wisdom: 16 Charisma: 19 Health: 0(51) Energy: 52(52) Def: 6 Gold: 646 Moves: 3741 Dungeon seed: gAWaT3dWarpTCjkO Game ID: Robert_1500671520 Your Inventory: Coins $ - 646 gold pieces Weapons a - a +1 long sword (alternate weapon; not wielded) b - a +1 lance (weapon in hand) g - 9 +0 darts (in quiver) j - a blessed +1 orcish dagger A - a +0 orcish dagger Armor e - an uncursed rusty +1 ring mail (being worn) n - an uncursed +0 helmet (being worn) q - an uncursed +0 small shield (being worn) r - an uncursed +0 pair of leather gloves (being worn) Comestibles c - 6 uncursed apples d - 13 uncursed carrots f - 6 uncursed food rations s - 2 uncursed tripe rations x - 2 uncursed tins of spinach D - an uncursed partly eaten fox corpse Scrolls H - an uncursed scroll of fire Spellbooks u - an uncursed spellbook of light v - an uncursed spellbook of polymorph Potions E - an uncursed potion of see invisible F - an uncursed potion of extra healing T - an uncursed potion of gain ability Rings y - an uncursed ring of conflict z - an uncursed +2 ring of adornment (on left hand) Wands o - a wand of lightning (0:5) U - a wand of make invisible (0:6) Tools k - an uncursed skeleton key w - an uncursed magic whistle B - an uncursed blindfold S - a blessed oil lamp (0:1160) Spells and supernatural/magical abilities: Name Level Category Fail Memory W - pray for help -- divine ? -- X - turn undead -- divine ? -- Y - supernatural jump -- ability ? -- Your skills at the end: Fighting Skills riding [Basic] Weapon Skills long sword [Basic] lance [Basic] Spellcasting Skills Final Attributes: You were piously aligned. You were adorned. You could jump. You were riding Huey. You are dead. Vanquished creatures: an iron piercer an ape a shrieker a violet fungus 6 gnome lords 2 gnomish wizards 3 elf zombies a little dog 3 hill orcs a rabid rat a giant bat 5 monkeys 2 dwarf zombies an iguana a hobgoblin a giant rat 4 cave spiders 24 gnomes 9 jackals 2 foxes 2 goblins 8 sewer rats 2 grid bugs 3 lichens a kobold zombie 7 newts 93 creatures vanquished. Voluntary challenges: You used a wielded weapon 108 times, starting on turn 24. You read items or engraved 2 times, starting on turn 206. You never genocided any monsters. You never polymorphed an object. You never changed form. You used no wishes. You never split a pudding. You never wrote Elbereth's name. You never violated your personal moral code. Dungeon overview: The Dungeons of Doom: levels 1 to 6 Level 1 some fountains a long staircase Level 2 a fountain Level 3 an altar to Manannan Mac Lir, a fountain stairs to The Gnomish Mines Level 4 some fountains Level 5 a fountain Level 6 <- You were here The Gnomish Mines: levels 4 to 9 Level 4 stairs to The Dungeons of Doom Level 5 Level 6 Level 7 some shops, a temple to Manannan Mac Lir, some fountains, a sink Level 8 Level 9 History has recorded: On T:1 you entered the Dungeons of Doom to retrieve the Amulet of Yendor! On T:426 you reached level 2 of The Dungeons of Doom. On T:646 you advanced to experience level 2. On T:735 you reached level 3 of The Dungeons of Doom. On T:824 you reached level 4 of The Dungeons of Doom. On T:978 you reached level 5 of The Dungeons of Doom. On T:1035 you reached level 6 of The Dungeons of Doom. On T:1257 you advanced to experience level 3. On T:1623 you reached level 1 of The Gnomish Mines. On T:1657 you reached level 2 of The Gnomish Mines. On T:1754 you advanced to experience level 4. On T:1913 you reached level 3 of The Gnomish Mines. On T:2033 you advanced to experience level 5. On T:2138 you reached level 4 of The Gnomish Mines. On T:2437 you advanced to experience level 6. On T:2836 you reached level 5 of The Gnomish Mines. On T:2868 you reached level 6 of The Gnomish Mines. Score breakdown: Gold: 646 ( 9561 points) Experience: 6 levels (12456 points) Exploration: 9 levels ( 19.57%) (12649 points) Discoveries: 11 items ( 4.47%) ( 6343 points) Valuables value: (no points given unless you survive) Artifact value: 0 ( 0 points) Variety of kills: 26 monsters ( 6.82%) ( 7836 points) Turncount: 3741 turns ( -926 points) Survival: died (score multiplied by 80%) Total score: 38335 Latest messages: You hit the ape! The ape hits! (2x) The ape bites! You are now wielding your lance. a - a +1 long sword (alternate weapon; not wielded). You joust the ape! You kill the ape! The ape hits! (2x) The ape bites! You hit the ape. The ape hits! (2x) The ape bites! You miss the ape. The ape misses. (3x) You hit the ape! The ape hits! (2x) The ape bites! The ape hits! The ape just misses! The ape bites! You die... Final status: Fare thee well Robert the Knight, killed by an ape... You died in The Dungeons of Doom on dungeon level 6 with 38335 points, and 646 pieces of gold, after 3741 moves. You were level 6 with a maximum of 51 hit points when you died.